 Dungeon Crawl Stone Soup version 0.24-a0-201-gf205589 (webtiles) character file.

Game seed: 10986848615019883595

603 Borgoz the Skirmisher (level 7, -3/59 HPs)
             Began as a Ghoul Monk on Mar 24, 2019.
             Slain by an iguana (7 damage)
             ... on level 5 of the Dungeon.
             The game lasted 00:05:50 (3682 turns).

Borgoz the Skirmisher (Ghoul Monk)                  Turns: 3682, Time: 00:05:51

Health: -3/59      AC:  7    Str: 15      XL:     7   Next: 42%
Magic:  8/8        EV: 12    Int:  5 (7)  God:
Gold:   164        SH:  0    Dex: 11      Spells: 9/9 levels left

rFire    . . .     SeeInvis .   k - +3 dagger
rCold    + . .     Gourm    .   (no shield)
rNeg     + + +     Faith    .   i - +0 ring mail (curse)
rPois    ∞         Spirit   .   o - +1 hat
rElec    .         Reflect  .   (no cloak)
rCorr    .         Harm     .   p - +0 pair of gloves
MR       .....                  (no boots)
Stlth    ++........             (no amulet)
HPRegen  0.00/turn              (no ring)
MPRegen  0.11/turn              (no ring)

@: rotting
A: rotting body, claws 1, carnivore, cold resistance 1, negative energy
resistance 3, inhibited regeneration, torment resistance, unbreathing
a: no special abilities


You were on level 5 of the Dungeon.
You were not hungry.

You visited 1 branch of the dungeon, and saw 5 of its levels.

You collected 164 gold pieces.

Inventory:

Hand Weapons
 a - a +0 short sword
 e - a +0 dagger of draining
 h - a +1 dagger of freezing
 k - a +3 dagger (weapon)
Missiles
 f - 7 poisoned needles
Armour
 i - a cursed +0 ring mail (worn)
 o - a +1 hat (worn)
 p - a +0 pair of gloves (worn)
Jewellery
 q - an uncursed ring of stealth {unknown}
Scrolls
 b - a scroll of blinking {unknown}
 d - a scroll of remove curse {unknown}
 g - 5 scrolls of magic mapping {unknown}
 l - 5 scrolls of identify {unknown}
 m - 3 scrolls of teleportation {unknown}
 n - a scroll of enchant weapon {unknown}
Potions
 j - 2 potions of degeneration
Comestibles
 c - 7 rations


   Skills:
 + Level 4.1 Fighting
 * Level 4.1 Short Blades
 + Level 2.0 Throwing
 * Level 2.7 Armour
 * Level 4.1 Dodging
 + Level 3.4 Stealth
 + Level 1.8 Spellcasting


You had 9 spell levels left.
You didn't know any spells.
Your spell library was empty.

Dungeon Overview and Level Annotations

Branches:
Dungeon (5/15)
 Temple: D:4-7

Altars:
Okawaru

Shops:
D:4 (


Innate Abilities, Weirdness & Mutations

Your body is rotting away.
You thrive on raw meat.
You are immune to poison.
You have sharp fingernails.
You are carnivorous and can eat meat at any time.
Your flesh is cold resistant. (rC+)
You are immune to negative energy. (rN+++)
You do not regenerate when monsters are visible.
You are immune to unholy pain and torment.
You can survive without breathing.


Message History

You see here 2 tomahawks.
You barely miss the orc.
The orc is severely wounded.
The orc misses you.
You hit the orc but do no damage.
The orc is severely wounded.
The orc barely misses you.
You hit the orc.
You kill the orc!
You hit the iguana.
The iguana is moderately wounded.
The iguana bites you.
* * * LOW HITPOINT WARNING * * *
You hit the iguana.
The iguana is heavily wounded.
The iguana barely misses you.
You completely miss the iguana.
The iguana is heavily wounded.
The iguana bites you!
You die...

...##########.##
..(........>..#
########..#.#.###
#....# ##.#...#
#....####.###.#
#....'..#.# #.#
#....##.#.###.#
#.#####.#..##.#
### #@# #.##.##.#
.....###l###
#.##..#.#
........oo.#
#.###.#.#
...........# #.#
#...#
...........#
#.####..##
####.......#
#........#
#....%..#
######...#
#.......# ##..#
#....!..# #..#


You could see an iguana and 2 orcs.

Vanquished Creatures
  An ogre (D:5)
  A centaur (D:4)
  A howler monkey (D:3)
  A hound (D:5)
  2 orc priests
  A centaur skeleton (D:4)
  3 iguanas
  An orc wizard (D:4)
  3 gnolls (D:3)
  4 adders
  An adder skeleton (D:4)
  3 dart slugs
  9 leopard geckos
  9 orcs
  10 bats
  4 giant cockroaches
  8 hobgoblins
  3 jackals (D:4)
  9 kobolds
  A ball python (D:4)
  4 frilled lizards
  7 goblins
  9 rats
95 creatures vanquished.

Notes
Turn   | Place    | Note
-------+----------+-------------------------------------------
     0 | D:1      | Borgoz the Ghoul Monk began the quest for the Orb.
     0 | D:1      | Reached XP level 1. HP: 19/19 MP: 0/0
   128 | D:1      | Reached XP level 2. HP: 24/24 MP: 1/1
   634 | D:1      | Reached XP level 3. HP: 21/31 MP: 2/2
   916 | D:2      | Reached skill level 1 in Armour
  1093 | D:2      | Found an iron altar of Okawaru.
  1147 | D:2      | Reached XP level 4. HP: 38/38 MP: 3/3
  1252 | D:2      | Reached skill level 1 in Throwing
  1587 | D:3      | Reached skill level 1 in Spellcasting
  1591 | D:3      | Reached XP level 5. HP: 21/45 MP: 5/5
  2403 | D:4      | Reached XP level 6. HP: 39/52 MP: 5/7
  2501 | D:4      | Found Voyv's Weapon Shop.
  3144 | D:4      | Reached XP level 7. HP: 58/58 MP: 8/8
  3373 | D:5      | Entered Level 5 of the Dungeon
  3682 | D:5      | Slain by an iguana

Levels and vault maps discovered:
D:1:      eino_arrival_druids_welcome, layout_basic
D:2:      layout_loops_ring, okawaru_gym_becter
D:3:      layout_basic
D:4:      layout_loops_corners, first_ration, serial_shops, shop,
          kennysheep_generic_room_12
D:5:      layout_basic, makhleb_grotto_becter, minmay_temple_entry_mini_moons

Skill      XL: |  1  2  3  4  5  6  7 |
---------------+----------------------+-----
Short Blades   | 3 4 |  4.1
Armour         | 1 2 |  2.7
Dodging        | 3 4 |  4.1
Throwing       | 1 2 |  2.0
Spellcasting   | 1 |  1.8
Stealth        | 3 |  3.4
Fighting       | 4 |  4.1

Action                   |  1- 3 |  4- 6 |  7- 9 || total
-------------------------+-------+-------+-------++-------
Melee: Short sword       |    30 |       |       ||    30
       Dagger            |    91 |   256 |    65 ||   412
  Use: Potion            |     1 |     4 |     1 ||     6
 Stab: Sleeping          |     3 |     2 |       ||     5
  Eat: Chunk             |     5 |    15 |     2 ||    22
Armor: Ring mail         |    28 |    80 |     8 ||   116
Dodge: Dodged            |    87 |   127 |    45 ||   259

Table legend:
 A = Non-vault XP
 B = Vault XP
 C = Vault XP percentage of total XP
 D = Non-vault monster count
 E = Vault monster count
 F = Vault count percentage of total count
                 A         B        C        D         E       F
            +---------+---------+-------+---------+---------+-------
      Total |     862 |       0 |   0.0 |      95 |       0 |   0.0
            +---------+---------+-------+---------+---------+-------
        D:1 |      42 |       0 |   0.0 |      22 |       0 |   0.0
        D:2 |      44 |       0 |   0.0 |      17 |       0 |   0.0
        D:3 |     225 |       0 |   0.0 |      35 |       0 |   0.0
        D:4 |     338 |       0 |   0.0 |      15 |       0 |   0.0
        D:5 |     213 |       0 |   0.0 |       6 |       0 |   0.0
            +---------+---------+-------+---------+---------+-------
